 Dungeon Crawl Stone Soup version 0.27.1-4-g1640c2035a (webtiles) character file.

Game seed: 101268189536849226

56 FreshCat the Stinger (level 3, 21/21 HPs)
             Began as an Octopode Venom Mage on Sept 17, 2021.
             Quit the game on level 1 of the Dungeon on Oct 31, 2021.
             The game lasted 00:11:12 (2184 turns).

FreshCat the Stinger (Octopode Venom Mage)          Turns: 2184, Time: 00:11:13

Health: 21/21      AC:  1    Str:  8    XL:     3   Next: 95%
Magic:  6/6        EV: 13    Int: 17    God:
Gold:   71         SH:  0    Dex: 12    Spells: 3/6 levels left

rFire    . . .     SeeInvis .   j - +0 short sword (speed)
rCold    . . .     Faith    .   (no shield)
rNeg     . . .     Spirit   .   (helmet restricted)
rPois    .         Reflect  .   (no amulet)
rElec    .         Harm     .   (no ring)
rCorr    .         Rampage  .   (no ring)
Will     .....                  (no ring)
Stlth    +++.......             (no ring)
HPRegen  0.07/turn              (no ring)
MPRegen  0.10/turn              (no ring)
                                (no ring)
                                (no ring)

@: no status effects
A: almost no armour, amphibious, 8 rings, camouflage 1, gelatinous body 1,
(nimble swimmer 1), tentacles
a: no special abilities


You were on level 1 of the Dungeon.
You visited 1 branch of the dungeon, and saw 3 of its levels.

You collected 71 gold pieces.

Inventory:

Hand Weapons
 h - a +0 trident of venom
 j - a +0 short sword of speed (weapon)
Missiles
 b - 61 stones
 e - 48 arrows
Scrolls
 a - a scroll of summoning {unknown}
 d - a scroll of vulnerability {unknown}
 f - a scroll of teleportation {unknown}
Potions
 c - a potion of curing {unknown}
 g - a potion of brilliance {unknown}
 i - a potion of berserk rage {unknown}


   Skills:
 + Level 2.2 Dodging
 + Level 3.2 Stealth
 + Level 1.3 Unarmed Combat
 + Level 2.2 Spellcasting
 + Level 1.2 Transmutations
 + Level 0.3 Air Magic
 + Level 4.4 Poison Magic


You had 3 spell levels left.
You knew the following spells:

 Your Spells              Type           Power      Damage    Failure   Level
a - Sting                 Tmut/Pois      44%        1d5       6%          1
b - Poisonous Vapours     Pois/Air       20%        N/A       11%         2

Your spell library contained the following spells:

 Spells                   Type           Power      Damage    Failure   Level
 Mephitic Cloud           Conj/Pois/Air  7%         N/A       28%         3
 Olgreb's Toxic Radiance  Pois           17%        N/A       30%         4


Dungeon Overview and Level Annotations

Branches:
Dungeon (3/15)

Altars:


Innate Abilities, Weirdness & Mutations

You cannot wear most types of armour.
You are amphibious.
You can wear up to eight rings at the same time.
Your skin changes colour to match your surroundings (Stealth+).
Your rubbery body absorbs attacks. (AC +1, EV +1)
((You are camouflaged near water. (Stealth+)))
You have tentacles for arms and can constrict up to eight enemies at once.


Message History

Confirm with . or Enter, or press ? or * to list all spells.
Aiming: Poisonous Vapours (safe; 11% risk of failure)
Press: ? - help, Dir - move target, f/p - jackal
Aim: a jackal (moderately wounded, poisoned)
Okay, then.
You kill the jackal!
You see here a +0 short sword.
i - a smoky inky potion A hobgoblin and a kobold come into view.
The kobold is wielding a +0 short sword of speed.
The kobold throws a stone.
The stone hits you but does no damage.
You puncture the kobold!
You kill the kobold!
Things that are here:
a +0 short sword of speed; 3 stones; a kobold corpse You barely miss the hobgoblin.
Your grab misses the hobgoblin. The hobgoblin completely misses you.
You hit the hobgoblin but do no damage.
The hobgoblin is poisoned.
You grab the hobgoblin.
You constrict the hobgoblin, but do no damage.
The hobgoblin completely misses you. The hobgoblin closely misses you.
You hit the hobgoblin.
The hobgoblin looks as sick as possible!
The hobgoblin is almost dead.
You constrict the hobgoblin.
You kill the hobgoblin!
Press: ? - help, v - describe, . - travel, g - get item
Items here: a +0 short sword of speed; 3 stones; a kobold corpse.
The floor.
j - a +0 short sword of speed;
b - 61 stones (gained 3)
You see here a kobold corpse.
Your +0 trident of venom stops dripping with poison.
Your tentacles tingle!
j - a +0 short sword of speed (weapon)
Saving game... please wait.
Welcome back, FreshCat the Octopode Venom Mage.
Press ? for a list of commands and other information.
You see here a hobgoblin corpse.
A goblin comes into view. It is wielding a +0 club.
Are you sure you want to abandon this character and quit the game? (Confirm with "yes".)

..........# #..# #.#
...######.###..# #.#
..## ##...##..# #.# ..#
##.....#..# #.#
..####.........# #.#
..†............# #..
..)###....†...##########
.#.# ##.....#.##......g.
.#.#####...##.##@#
...............#.#
.#######)#####.#†# ##
#.# #.#†# #.# #.#.# #.#
#...# #.# ##### #.# #.#


You could see a goblin (asleep).

Vanquished Creatures
  An adder (D:2)
  2 dart slugs
  6 bats
  3 endoplasms
  A giant cockroach (D:1)
  A goblin (D:1)
  9 hobgoblins
  3 jackals (D:1)
  2 quokkas
  A ball python (D:2)
  2 frilled lizards
  2 kobolds
  6 rats
39 creatures vanquished.

Notes
Turn   | Place    | Note
-------+----------+-------------------------------------------
     0 | D:1      | FreshCat the Octopode Venom Mage began the quest for the
                  | Orb.
     0 | D:1      | Reached XP level 1. HP: 11/11 MP: 3/3
   121 | D:1      | Upgraded the game from 0.27.1-1-g398f81649c to
                  | 0.27.1-3-gb3d3a73c9e
   133 | D:2      | Reached XP level 2. HP: 10/17 MP: 1/5
   362 | D:1      | Reached skill level 4 in Poison Magic
   371 | D:1      | Learned a level 2 spell: Poisonous Vapours
   379 | D:1      | Reached skill level 1 in Unarmed Combat
   834 | D:2      | Reached XP level 3. HP: 11/21 MP: 3/6
  2181 | D:1      | Upgraded the game from 0.27.1-3-gb3d3a73c9e to
                  | 0.27.1-4-g1640c2035a
  2184 | D:1      | Quit the game

Illustrated notes

Levels and vault maps discovered:
D:1:      pf_arrival_petrified_forest, layout_loops_ring, minmay_strange_pillars
D:2:      layout_basic, serial_shops, nicolae_shop_trees
D:3:      layout_rooms, slow_altar_2, ebering_ecumenical_altar_webs

Skill      XL: |  1  2 |
---------------+-------+-----
Poison Magic   | 4 |  4.4
Unarmed Combat | 1 |  1.3
Stealth        | 3 |  3.2
Dodging        | |  2.2
Spellcasting   | |  2.2
Transmutations | |  1.2
Air Magic      | |  0.3

Action                   || total
-------------------------++-------
Melee: Unarmed           ||    63
       Constrict         ||    19
       Tentacles         ||     7
       Trident           ||     5
 Cast: Sting             ||    19
       Poisonous Vapours ||    18
 Stab: Sleeping          ||     6
Armor: Skin              ||     6
Dodge: Dodged            ||    57
